 Dungeon Crawl Stone Soup version 0.21.1-1-g345015f (webtiles) character file.

3453 empire the Nimble (level 10, -15/77 HPs)
             Began as a Gnoll Gladiator on Apr 6, 2018.
             Was a Follower of Ashenzari.
             Killed from afar by Erica (35 damage)
             ... with a bolt of poison
             ... on level 9 of the Dungeon.
             The game lasted 00:19:28 (6805 turns).

empire the Nimble (Gnoll Gladiator)                 Turns: 6805, Time: 00:19:29

Health: -15/77     AC:  9    Str: 22    XL:     10   Next: 6%
Magic:  17/17      EV: 24    Int: 10    God:    Ashenzari [*.....]
Gold:   293        SH:  7    Dex: 25    Spells: 18/18 levels left

rFire    . . .     SeeInvis .   a - +1 war axe (curse)
rCold    . . .     Gourm    .   C - +0 buckler
rNeg     . . .     Faith    .   q - +0 ring mail (curse)
rPois    .         Spirit   .   c - +0 helmet
rElec    .         Reflect  .   (no cloak)
rCorr    .         Harm     .   (no gloves)
MR       .....                  (no boots)
Stlth    ++++......             (no amulet)
HPRegen  0.22/turn              e - +4 ring of slaying (curse)
MPRegen  0.15/turn              l - +2 ring of protection (curse)

@: mighty, agile, lethally poisoned (-15 -> -25), slowed, very slow
A: distributed training, fangs 1, strong nose
a: Curse Item, Scrying, Renounce Religion


You were on level 9 of the Dungeon.
You worshipped Ashenzari.
Ashenzari was aware of your devotion.
You were not hungry.

You visited 2 branches of the dungeon, and saw 10 of its levels.

You collected 293 gold pieces.

Inventory:

Hand Weapons
 a - a cursed +1 war axe (weapon)
 E - a +4 dire flail
 G - a +1 glaive of chopping
Missiles
 d - 7 throwing nets
 g - 12 poisoned needles
 i - 120 arrows
 t - 58 bolts
 y - 9 tomahawks (quivered)
Armour
 b - a +0 leather armour
 c - a +0 helmet (worn)
 o - a +0 shield
 q - a cursed +0 ring mail (worn)
 C - a +0 buckler (worn)
Jewellery
 e - a cursed +4 ring of slaying (left hand)
 l - a cursed +2 ring of protection (right hand)
 m - an uncursed ring of magical power
 J - a +3 ring of evasion
Wands
 k - a wand of polymorph (12)
Scrolls
 h - 5 scrolls of identify
 p - 3 scrolls of teleportation
 s - a scroll of magic mapping
 u - a scroll of fog
 v - 2 scrolls of remove curse
 A - a scroll of blinking
Potions
 j - a potion of ambrosia
 r - a potion of magic {unknown}
 D - a potion of flight {unknown}
 H - a potion of brilliance {unknown}
Comestibles
 f - 16 rations


   Skills:
 + Level 6.7 Fighting
 + Level 4.8 Short Blades
 + Level 4.8 Long Blades
 + Level 8.2 Axes
 + Level 4.8 Maces & Flails
 + Level 4.8 Polearms
 + Level 4.8 Staves
 + Level 4.8 Slings
 + Level 4.8 Bows
 + Level 4.8 Crossbows
 + Level 6.7 Throwing
 + Level 4.8 Armour
 + Level 8.2 Dodging
 + Level 4.8 Stealth
 + Level 4.8 Shields
 + Level 4.8 Unarmed Combat
 + Level 4.8 Spellcasting
 + Level 4.0 Conjurations
 + Level 4.0 Hexes
 + Level 4.0 Charms
 + Level 4.0 Summonings
 + Level 4.0 Necromancy
 + Level 4.0 Translocations
 + Level 4.0 Transmutations
 + Level 4.0 Fire Magic
 + Level 4.0 Ice Magic
 + Level 4.0 Air Magic
 + Level 4.0 Earth Magic
 + Level 4.0 Poison Magic
 + Level 5.3 Invocations
 + Level 4.8 Evocations


You had 18 spell levels left.
You didn't know any spells.

Dungeon Overview and Level Annotations

Branches:
Dungeon (9/15)             Temple (1/1) D:5            Lair (0/6) D:8
    Orc: D:9-12

Altars:
Ashenzari
Cheibriados
Dithmenos
Elyvilon
Fedhas
Gozag
Hepliaklqana
Kikubaaqudgha
Makhleb
Nemelex Xobeh
Okawaru
Ru
Sif Muna
Trog
Uskayaw
Vehumet
Wu Jian
The Shining One

Shops:
D:4 (

Annotations:
D:8 Totori's ghost, novice HOFE
D:9 Erica


Innate Abilities, Weirdness & Mutations

Your experience applies equally to all skills.
You have very sharp teeth.
Your uncanny sense of smell can sniff out nearby items.


Message History

Your Translocations skill increases to level 4!
Your Transmutations skill increases to level 4!
Your Fire Magic skill increases to level 4!
Your Ice Magic skill increases to level 4!
Your Air Magic skill increases to level 4!
Your Earth Magic skill increases to level 4!
Your Poison Magic skill increases to level 4!
Something hits you but does no damage.
You feel less invigorated.
You feel less confused. Something hits you.
* * * LOW HITPOINT WARNING * * *
Something burns you.
* * * LOW HITPOINT WARNING * * *
You miss something. You bite something!
You hear some strange, mumbled words.
A bolt of poison appears from out of thin air!
The bolt of poison hits you!
You are poisoned.
You die...

####### #.....#
########## #%....#
.........# #.....#
########.###...{@#
#####......'.....+
.....>.....#.....#
###.######..###+##
#.# ##.# #.# #..#
#.. ##.# ### .< ∆
##># #.#


There were no monsters in sight!

Vanquished Creatures
  An elephant (D:8)
  Edmund (D:4)
  2 sky beasts
  2 orc warriors (D:7)
  An ice beast (D:6)
  A hornet zombie (D:9)
  4 ogres
  2 centaurs (D:5)
  A crocodile (D:8)
  3 bullfrogs (D:6)
  5 wights (D:6)
  A howler monkey (D:9)
  A crimson imp (D:5)
  A jelly (D:5)
  4 hounds
  2 orc priests
  6 gnoll shamans (D:4)
  6 orc wizards
  A bullfrog skeleton (D:4)
  3 iguanas
  5 worker ants
  2 hound zombies
  12 adders
  40 gnolls
  An ooze (D:6)
  A worm (D:2)
  2 dart slugs (D:3)
  9 leopard geckos
  21 orcs
  5 giant cockroaches
  4 goblins
  6 hobgoblins
  14 jackals (D:4)
  7 kobolds
  7 quokkas
  A ball python (D:3)
  4 bats
  4 frilled lizards
  A giant cockroach zombie (D:6)
  A jackal zombie (D:7)
  A quokka zombie (D:4)
  8 rats
  3 plants (D:4)
207 creatures vanquished.

Vanquished Creatures (others)
  An orc wizard (D:3)
1 creature vanquished.

Grand Total: 208 creatures vanquished

Notes
Turn   | Place    | Note
-------+----------+-------------------------------------------
     0 | D:1      | empire the Gnoll Gladiator began the quest for the Orb.
     0 | D:1      | Reached XP level 1. HP: 20/20 MP: 1/1
   110 | D:1      | Reached XP level 2. HP: 24/26 MP: 2/2
   661 | D:2      | Reached XP level 3. HP: 31/31 MP: 3/3
   787 | D:2      | Reached skill level 1 in Invocations
  1298 | D:3      | Reached skill level 1 in Short Blades
  1298 | D:3      | Reached skill level 1 in Long Blades
  1298 | D:3      | Reached skill level 1 in Maces & Flails
  1298 | D:3      | Reached skill level 1 in Polearms
  1298 | D:3      | Reached skill level 1 in Staves
  1298 | D:3      | Reached skill level 1 in Slings
  1298 | D:3      | Reached skill level 1 in Bows
  1298 | D:3      | Reached skill level 1 in Crossbows
  1298 | D:3      | Reached skill level 1 in Armour
  1298 | D:3      | Reached skill level 1 in Stealth
  1298 | D:3      | Reached skill level 1 in Shields
  1298 | D:3      | Reached skill level 1 in Unarmed Combat
  1298 | D:3      | Reached skill level 1 in Spellcasting
  1298 | D:3      | Reached skill level 1 in Evocations
  1367 | D:3      | Reached XP level 4. HP: 38/38 MP: 5/5
  1439 | D:3      | Reached skill level 1 in Conjurations
  1439 | D:3      | Reached skill level 1 in Hexes
  1439 | D:3      | Reached skill level 1 in Charms
  1439 | D:3      | Reached skill level 1 in Summonings
  1439 | D:3      | Reached skill level 1 in Necromancy
  1439 | D:3      | Reached skill level 1 in Translocations
  1439 | D:3      | Reached skill level 1 in Transmutations
  1439 | D:3      | Reached skill level 1 in Fire Magic
  1439 | D:3      | Reached skill level 1 in Ice Magic
  1439 | D:3      | Reached skill level 1 in Air Magic
  1439 | D:3      | Reached skill level 1 in Earth Magic
  1439 | D:3      | Reached skill level 1 in Poison Magic
  1501 | D:3      | Reached XP level 5. HP: 38/43 MP: 6/6
  1960 | D:4      | Noticed Edmund
  1977 | D:4      | Killed Edmund
  1977 | D:4      | Reached XP level 6. HP: 34/50 MP: 8/8
  2079 | D:4      | Reached skill level 5 in Fighting
  2079 | D:4      | Reached skill level 5 in Throwing
  2212 | D:4      | Reached XP level 7. HP: 34/56 MP: 10/10
  2707 | D:4      | Found Sezerroq's Weapon Shoppe.
  3073 | D:4      | Reached XP level 8. HP: 48/63 MP: 10/12
  3407 | D:5      | Entered Level 5 of the Dungeon
  3484 | D:5      | Found a staircase to the Ecumenical Temple.
  3506 | Temple   | Entered the Ecumenical Temple
  3575 | Temple   | Became a worshipper of Ashenzari the Shackled
  4371 | D:5      | Reached XP level 9. HP: 57/69 MP: 14/14
  4448 | D:5      | Found a shadowy altar of Dithmenos.
  4939 | D:6      | Reached * piety under Ashenzari
  5238 | D:6      | Found an opulent altar of Gozag.
  5781 | D:7      | Found a hazy altar of Hepliaklqana.
  6374 | D:8      | Reached skill level 5 in Invocations
  6389 | D:8      | Noticed an elephant
  6389 | D:8      | Found a staircase to the Lair.
  6406 | D:8      | Killed an elephant
  6408 | D:8      | Noticed Totori's ghost (novice HOFE)
  6419 | D:8      | Reached XP level 10. HP: 46/77 MP: 17/17
  6785 | D:9      | Noticed Erica
  6801 | D:9      | HP: 3/77 [something (4)]
  6805 | D:9      | Killed from afar by Erica

Skill      XL: |  1  2  3  4  5  6  7  8  9 10 |
---------------+-------------------------------+-----
Invocations    | 1 2 3 4 5 |  5.3
Short Blades   | 1 2 3 4 |  4.8
Long Blades    | 1 2 3 4 |  4.8
Maces & Flails | 1 2 3 4 |  4.8
Polearms       | 1 2 3 4 |  4.8
Staves         | 1 2 3 4 |  4.8
Slings         | 1 2 3 4 |  4.8
Bows           | 1 2 3 4 |  4.8
Crossbows      | 1 2 3 4 |  4.8
Armour         | 1 2 3 4 |  4.8
Stealth        | 1 2 3 4 |  4.8
Shields        | 1 2 3 4 |  4.8
Unarmed Combat | 1 2 3 4 |  4.8
Spellcasting   | 1 2 3 4 |  4.8
Evocations     | 1 2 3 4 |  4.8
Conjurations   | 1 2 3 4 |  4.0
Hexes          | 1 2 3 4 |  4.0
Charms         | 1 2 3 4 |  4.0
Summonings     | 1 2 3 4 |  4.0
Necromancy     | 1 2 3 4 |  4.0
Translocations | 1 2 3 4 |  4.0
Transmutations | 1 2 3 4 |  4.0
Fire Magic     | 1 2 3 4 |  4.0
Ice Magic      | 1 2 3 4 |  4.0
Air Magic      | 1 2 3 4 |  4.0
Earth Magic    | 1 2 3 4 |  4.0
Poison Magic   | 1 2 3 4 |  4.0
Fighting       | 5 6 |  6.7
Throwing       | 5 6 |  6.7
Axes           | 7 8 |  8.2
Dodging        | 7 8 |  8.2

Action                   |  1- 3 |  4- 6 |  7- 9 | 10-12 || total
-------------------------+-------+-------+-------+-------++-------
Melee: War axe           |    57 |    93 |   358 |    18 ||   526
       Bite              |     5 |     9 |    59 |     6 ||    79
       Punch             |       |       |     1 |       ||     1
Invok: Curse Item        |       |       |     3 |       ||     3
  Use: Scroll            |     9 |       |     4 |       ||    13
       Potion            |       |     2 |     5 |     5 ||    12
 Stab: Sleeping          |     1 |       |    11 |       ||    12
  Eat: Chunk             |     1 |     3 |    14 |     1 ||    19
Armor: Leather armour    |     9 |       |       |       ||     9
       Ring mail         |     6 |    34 |   104 |     9 ||   153
Dodge: Dodged            |    44 |    80 |   270 |    26 ||   420
Block: Buckler           |       |       |    36 |     5 ||    41
       Shield            |       |       |    21 |       ||    21
